 Dungeon Crawl Stone Soup version 0.31.0-11-ge490571c62 (webtiles) character file.

Game seed: 15418764172089391454

43 qw the Shooter (level 3, -4/18 HPs)
             Began as a Spriggan Hunter on Feb 3, 2024.
             Slain by an orc
             ... wielding a +1 heavy war axe
              (8 damage)
             ... on level 3 of the Dungeon.
             The game lasted 00:00:04 (1800 turns).

qw the Shooter (Spriggan Hunter)                    Turns: 1800, Time: 00:00:05

Health: -4/18      AC:  2    Str:  7    XL:     3   Next: 37%
Magic:  4/4        EV: 19    Int: 10    God:
Gold:   72         SH:  0    Dex: 20    Spells: 2/2 levels left

rFire   . . .        a - +1 shortbow
rCold   . . .        (shield currently unavailable)
rNeg    + . .        c - +0 robe
rPois   .            (helmet restricted)
rElec   .            (no cloak)
rCorr   .            (gloves unavailable)
SInv    +            (boots unavailable)
Will    .....        (no amulet)
Stlth   ++           f - ring of positive energy
HPRegen 0.23/turn    (no ring)
MPRegen 0.09/turn

%: no passive effects
@: very quick
A: very small, no large weapons, unfitting armour, see invisible, speed 3
a: no special abilities


You were on level 3 of the Dungeon.
You visited 1 branch of the dungeon, and saw 3 of its levels.

You collected 97 gold pieces.
You spent 25 gold pieces at shops.


Innate Abilities, Weirdness & Mutations

You are very small and have problems with some larger weapons.
You are too small for most types of armour.
You have supernaturally acute eyesight. (SInv)
You cover ground extremely quickly. (Speed+++)


   Skills:
 - Level 1.5 Fighting
 + Level 4.7 Ranged Weapons
 - Level 4.0 Dodging
 - Level 1.5 Stealth


You had 2 spell levels left.
You didn't know any spells.
Your spell library was empty.

Inventory:

Hand Weapons
 a - a +1 shortbow (weapon)
Armour
 c - a +0 robe (worn)
Jewellery
 f - a ring of positive energy (left hand)
Wands
 i - a wand of roots (11)
Potions
 b - a potion of ambrosia {unknown}
 e - a potion of degeneration {unknown}
 g - a potion of might {unknown}
 j - a potion of cancellation {unknown}

Dungeon Overview and Level Annotations

Branches:
Dungeon (3/15)

Altars:

Shops:
D:2 *


Message History

An orc comes into view. It is wielding a +1 heavy war axe.
1788 ||| RETREEEEATING.
You shoot an arrow. The arrow hits the orc.
You kill the orc!
You shoot an arrow. The arrow hits the ball python!
You kill the ball python!
You shoot an arrow.
The arrow hits the orc but does no damage.
You shoot an arrow. The arrow hits the orc.
The orc is lightly wounded.
You shoot an arrow.
The arrow hits the orc but does no damage.
The orc is lightly wounded.
The orc hits you with a +0 dagger.
You shoot an arrow. The arrow barely misses the orc.
The orc hits you with a +0 dagger.
You shoot an arrow. The arrow hits the orc.
The orc is moderately wounded.
The orc hits you but does no damage. The orc completely misses you.
You shoot an arrow.
The arrow hits the orc but does no damage.
The orc is moderately wounded.
The orc barely misses you. The orc closely misses you. x2
The orc hits you with a +0 dagger.
You shoot an arrow.
The arrow hits the orc but does no damage.
The orc is moderately wounded.
The orc closely misses you. The orc hits you with a +0 dagger.
You shoot an arrow. The arrow hits the orc.
The orc is almost dead.
The orc closely misses you. The orc barely misses you.
The orc hits you with a +0 mace.
You shoot an arrow. The arrow hits the orc.
You kill the orc!
The orc misses you. The orc hits you with a +0 dagger.
The orc closely misses you.
You shoot an arrow. The arrow hits the orc.
The orc is almost dead.
The orc hits you with a +1 heavy war axe!
You die...

####...#######.#
#..###..# ....
##.# ..... #.#
#..##.# #..#..#
#..#..# #.. #..#
... ##@)# ..


#ooo# [ #...)..Soo# #...!....... #............ ...?..###..##. .#####.# .## #.. #
## You could see 3 orcs.

Vanquished Creatures
  A dart slug (D:1)
  2 orcs (D:3)
  5 ball pythons
  7 endoplasms
  A giant cockroach (D:2)
  3 goblins
  3 hobgoblins
  4 bats
  A frilled lizard (D:2)
  3 kobolds
  5 rats
35 creatures vanquished.

Notes
Turn   | Place    | Note
-------+----------+-------------------------------------------
     0 | D:1      | qw the Spriggan Hunter began the quest for the Orb.
     0 | D:1      | Reached XP level 1. HP: 10/10 MP: 2/2
     0 | D:1      | 0 ||| qw: Version: 0.3-a-155-g5e7d8dd
     0 | D:1      | 0 ||| qw: Game counter: 3212
     0 | D:1      | 0 ||| qw: Melee chars always use a shield: true
     0 | D:1      | 0 ||| qw: God list: Okawaru
     0 | D:1      | 0 ||| qw: Allow faded altars: false
     0 | D:1      | 0 ||| qw: Do Orc after clearing Dungeon:15 true
     0 | D:1      | 0 ||| qw: Do second Lair branch before Depths: true
     0 | D:1      | 0 ||| qw: Lair rune preference: random
     0 | D:1      | 0 ||| qw: Goals: Normal
     0 | D:1      | 0 ||| PLANNING D:1-11
    91 | D:1      | Reached skill level 3 in Dodging
   194 | D:1      | Reached XP level 2. HP: 11/14 MP: 3/3
   875 | D:1      | 875 ||| UPGRADING to ring of positive energy.
   876 | D:1      | 876 ||| READING scroll labelled OFAXUA FAWN.
   877 | D:1      | 877 ||| DROPPING scroll of butterflies.
  1079 | D:2      | Found Famy's Assorted Antiques.
  1082 | D:2      | 1082 ||| SHOPLISTING dented golden amulet (140 gold, have
                  | 40).
  1082 | D:2      | 1082 ||| BUYING purple potion (25 gold).
  1082 | D:2      | Bought a purple potion for 25 gold pieces
  1082 | D:2      | 1082 ||| SHOPLISTING runed wooden wand (112 gold, have 15).
  1082 | D:2      | 1082 ||| SHOPLISTING scroll labelled WAGE EXKEJEIF NUNK (28
                  | gold, have 15).
  1082 | D:2      | 1082 ||| SHOPLISTING sedimented yellow potion (25 gold,
                  | have 15).
  1186 | D:2      | Reached XP level 3. HP: 18/18 MP: 4/4
  1550 | D:2      | 1550 ||| DROPPING ring of wizardry.
  1551 | D:2      | 1551 ||| READING scroll labelled HISTRI REKAC.
  1551 | D:2      | 1551 ||| ENCHANTING +0 shortbow.
  1552 | D:2      | 1552 ||| READING scroll labelled GOOSETR TANU.
  1556 | D:2      | 1556 ||| READING scroll labelled ORIAPY ZOUNI KUN.
  1657 | D:2      | 1657 ||| READING scroll labelled WAGE EXKEJEIF NUNK.
  1657 | D:2      | 1657 ||| ENCHANTING +1 shortbow.
  1669 | D:3      | 1669 ||| STAIRDANCE
  1673 | D:3      | 1673 ||| STAIRDANCE
  1682 | D:3      | HP: 4/18 [endoplasm (3)]
  1788 | D:3      | 1788 ||| RETREEEEATING.
  1799 | D:3      | HP: 4/18 [orc/+0 dagger (3)]
  1800 | D:3      | Slain by an orc

Levels and vault maps discovered:
D:1:      wheals_arrival_linesprint, layout_loops_ring
D:2:      layout_loops_ring, serial_shops, nicolae_shop_real_fake_doors
D:3:      layout_rooms, gammafunk_ghost_icy, minmay_misc_feat_five,
          kennysheep_generic_room_4, uniq_natasha

Skill      XL: |  1  2 |
---------------+-------+-----
Dodging        | 3 4 |  4.0
Fighting       | |  1.5
Ranged Weapons | |  4.7
Stealth        | |  1.5

Action                     || total
---------------------------++-------
   Fire: Shortbow          ||    84
    Use: Scroll            ||     5
 Armour: Robe              ||    19
  Dodge: Dodged            ||    29

Table legend:
 A = Non-vault XP
 B = Vault XP
 C = Vault XP percentage of total XP
 D = Non-vault monster count
 E = Vault monster count
 F = Vault count percentage of total count
                 A         B        C        D         E       F
            +---------+---------+-------+---------+---------+-------
      Total |      62 |       0 |   0.0 |      35 |       0 |   0.0
            +---------+---------+-------+---------+---------+-------
        D:1 |      35 |       0 |   0.0 |      20 |       0 |   0.0
        D:2 |      14 |       0 |   0.0 |       9 |       0 |   0.0
        D:3 |      13 |       0 |   0.0 |       6 |       0 |   0.0
            +---------+---------+-------+---------+---------+-------
